 Dungeon Crawl Stone Soup version 0.31.0-11-ge490571c62 (webtiles) character file.

Game seed: 11226502291743866224

531 qw the Skirmisher (level 7, -1/40 HPs)
             Began as a Deep Elf Hunter on Feb 3, 2024.
             Slain by a killer bee (8 damage)
             ... on level 5 of the Dungeon.
             The game lasted 00:00:12 (2791 turns).

qw the Skirmisher (Deep Elf Hunter)                 Turns: 2791, Time: 00:00:13

Health: -1/40      AC:  9    Str:  9    XL:     7   Next: 3%
Magic:  9/9        EV: 12    Int: 18    God:
Gold:   131        SH:  0    Dex: 17    Spells: 6/6 levels left

rFire   . . .        a - +2 shortbow
rCold   . . .        (shield currently unavailable)
rNeg    . . .        f - +0 leather armour {rPois}
rPois   +            d - +2 helmet
rElec   .            b - +0 cloak
rCorr   .            k - +0 pair of gloves
SInv    .            t - +0 pair of boots
Will    .....        (no amulet)
Stlth   ++           n - +4 ring of slaying {mikee}
HPRegen 0.26/turn    (no ring)
MPRegen 0.11/turn

%: no passive effects
@: lethally poisoned (-1 -> -2)
A: clever 1
a: no special abilities


You were on level 5 of the Dungeon.
You visited 1 branch of the dungeon, and saw 5 of its levels.

You collected 224 gold pieces.
You spent 93 gold pieces at shops.


Innate Abilities, Weirdness & Mutations

Your mind is acute. (Int +4, Str/Dex -1)


   Skills:
 - Level 2.0 Fighting
 + Level 10.4 Ranged Weapons
 - Level 1.1 Armour
 - Level 3.2 Dodging
 - Level 1.2 Stealth


You had 6 spell levels left.
You didn't know any spells.
Your spell library was empty.

Inventory:

Hand Weapons
 a - a +2 shortbow (weapon)
Armour
 b - a +0 cloak (worn)
 c - a +0 ring mail
 d - a +2 helmet (worn)
 f - a +0 leather armour of poison resistance (worn)
 k - a +0 pair of gloves (worn)
 t - a +0 pair of boots (worn)
Jewellery
 n - a +4 ring of slaying (left hand) {mikee}
 o - a ring of poison resistance
Potions
 e - 2 potions of curing
 g - a potion of resistance {unknown}
 i - a potion of mutation
 j - a potion of degeneration {unknown}
 p - a potion of might {unknown}
 q - a potion of berserk rage {unknown}
 r - a potion of haste
 s - a potion of magic {unknown}
 u - a potion of cancellation {unknown}

Dungeon Overview and Level Annotations

Branches:
Dungeon (5/15)
 Temple: D:4-7

Altars:
Hepliaklqana
Sif Muna
Yredelemnul

Shops:
D:2 [


Message History

The killer bee barely misses you. The killer bee stings you.
The killer bee barely misses you.
2785 ||| DRINKING potion of heal wounds.
You feel much better. The killer bee closely misses you.
The killer bee stings you but does no damage.
The killer bee stings you.
The killer bee stings you but does no damage.
The killer bee stings you. x2
You are poisoned.
The killer bee poisons you!
You shoot an arrow. The arrow hits the killer bee.
You kill the killer bee!
You feel sick. The killer bee barely misses you. The killer bee stings you.
The killer bee stings you but does no damage.
The killer bee barely misses you.
Your Armour skill increases to level 1!
You shoot an arrow. The arrow hits the killer bee!
The killer bee is heavily wounded.
You feel sick. The killer bee closely misses you.
The killer bee stings you but does no damage. x2
The killer bee closely misses you.
You shoot an arrow. The arrow hits the killer bee.
The killer bee is severely wounded.
You feel sick.
The killer bee stings you but does no damage. x2
The killer bee barely misses you.
The killer bee stings you but does no damage.
You shoot an arrow. The arrow hits the killer bee.
You kill the killer bee!
You feel sick.
The killer bee stings you but does no damage.
You have reached level 7!
You shoot an arrow. The arrow hits the killer bee.
The killer bee is lightly wounded.
You feel sick. The killer bee closely misses you.
The killer bee stings you but does no damage.
You shoot an arrow. The arrow misses the killer bee.
The killer bee stings you!
You die...

###......>
##........#
###.........##
##.............
#..............
...............
#........?.....
#.....y@.....$.
#.......%......
#.###......##.#
##......#
......##
......##
.......
.........


You could see a killer bee.

Vanquished Creatures
  An ogre (D:2)
  A kobold brigand (D:3)
  3 killer bees
  An orc priest (D:3)
  2 iguanas
  7 adders
  A dart slug (D:1)
  4 ribbon worms
  8 orcs
  9 bats
  6 endoplasms
  4 giant cockroaches
  7 goblins
  7 hobgoblins
  4 jackals
  A quokka (D:2)
  8 ball pythons
  6 frilled lizards
  5 kobolds
  3 rats
  A spectral hobgoblin (D:3)
89 creatures vanquished.

Notes
Turn   | Place    | Note
-------+----------+-------------------------------------------
     0 | D:1      | qw the Deep Elf Hunter began the quest for the Orb.
     0 | D:1      | Reached XP level 1. HP: 12/12 MP: 3/3
     0 | D:1      | 0 ||| qw: Version: 0.3-a-158-g18b3111
     0 | D:1      | 0 ||| qw: Game counter: 4293
     0 | D:1      | 0 ||| qw: Melee chars always use a shield: true
     0 | D:1      | 0 ||| qw: God list: Okawaru
     0 | D:1      | 0 ||| qw: Allow faded altars: false
     0 | D:1      | 0 ||| qw: Do Orc after clearing Dungeon:15 true
     0 | D:1      | 0 ||| qw: Do second Lair branch before Depths: true
     0 | D:1      | 0 ||| qw: Lair rune preference: random
     0 | D:1      | 0 ||| qw: Goals: Normal
     0 | D:1      | 0 ||| PLANNING D:1-11
   126 | D:1      | Reached skill level 6 in Ranged Weapons
   126 | D:1      | Reached XP level 2. HP: 16/16 MP: 4/4
   385 | D:1      | Reached XP level 3. HP: 20/20 MP: 5/5
   491 | D:1      | 491 ||| UPGRADING to +0 leather armour of poison
                  | resistance.
   501 | D:1      | 501 ||| DROPPING +0 leather armour.
   502 | D:1      | 502 ||| UPGRADING to +0 helmet.
   507 | D:1      | 507 ||| READING scroll labelled YZOF HIRIUKUU.
   508 | D:1      | 508 ||| READING scroll labelled NAWICA UPLANIC.
   508 | D:1      | 508 ||| ENCHANTING +0 shortbow.
   509 | D:1      | 509 ||| READING scroll labelled PECHIKH NOEGG.
   509 | D:1      | 509 ||| IDENTIFYING viscous dark potion
   510 | D:1      | 510 ||| READING scroll labelled DAOMIONIMM.
   511 | D:1      | 511 ||| DRINKING 2 coppery potions.
   511 | D:1      | Gained mutation: Your mind is acute. (Int +4, Str/Dex -1)
                  | [potion of mutation]
   512 | D:1      | 512 ||| DROPPING scroll of butterflies.
   513 | D:1      | 513 ||| DROPPING potion of lignification.
   647 | D:2      | Found Honic's Armour Shop.
   653 | D:2      | 653 ||| BUYING +0 pair of gloves (49 gold).
   653 | D:2      | Bought a +0 pair of gloves for 49 gold pieces
   653 | D:2      | 653 ||| BUYING +0 scale mail (44 gold).
   653 | D:2      | Bought a +0 scale mail for 44 gold pieces
   653 | D:2      | 653 ||| SHOPLISTING quicksilver dragon scales (660 gold,
                  | have 35).
   743 | D:2      | Reached skill level 7 in Ranged Weapons
   776 | D:2      | 776 ||| UPGRADING to +0 cloak.
   781 | D:2      | 781 ||| UPGRADING to +0 pair of gloves.
   786 | D:2      | 786 ||| UPGRADING to +4 ring of slaying {mikee}.
   787 | D:2      | 787 ||| READING scroll of identify.
   787 | D:2      | 787 ||| IDENTIFYING brown potion
   788 | D:2      | 788 ||| DROPPING potion of attraction.
   869 | D:2      | Reached XP level 4. HP: 25/25 MP: 6/6
  1002 | D:2      | Noticed an ogre
  1007 | D:2      | Killed an ogre
  1008 | D:2      | Reached skill level 8 in Ranged Weapons
  1008 | D:2      | Reached XP level 5. HP: 18/29 MP: 7/7
  1258 | D:2      | 1258 ||| READING scroll of identify.
  1258 | D:2      | 1258 ||| IDENTIFYING grey potion
  1259 | D:2      | 1259 ||| READING scroll labelled XIAMNA SAUPS.
  1260 | D:2      | 1260 ||| READING scroll labelled EMAL XER EXZYARY.
  1261 | D:2      | 1261 ||| READING scroll labelled EJEIVO IKIAWE.
  1287 | D:3      | Reached skill level 9 in Ranged Weapons
  1362 | D:3      | Reached skill level 3 in Dodging
  1362 | D:3      | Reached XP level 6. HP: 32/34 MP: 8/8
  1678 | D:3      | 1678 ||| READING scroll of enchant weapon.
  1678 | D:3      | 1678 ||| ENCHANTING +1 shortbow.
  1770 | D:3      | Found a hazy altar of Hepliaklqana.
  1977 | D:3      | Found a basalt altar of Yredelemnul.
  1982 | D:3      | Found a shimmering blue altar of Sif Muna.
  2145 | D:3      | 2145 ||| UPGRADING to +2 helmet.
  2155 | D:3      | 2155 ||| DROPPING +0 helmet.
  2156 | D:3      | 2156 ||| DROPPING +0 scale mail.
  2157 | D:3      | 2157 ||| UPGRADING to +0 pair of boots.
  2162 | D:3      | 2162 ||| DRINKING 2 bubbling blue potions.
  2163 | D:3      | 2163 ||| DRINKING 2 black potions.
  2615 | D:4      | 2615 ||| READING scroll labelled BESTRA TEDD.
  2735 | D:5      | Entered Level 5 of the Dungeon
  2737 | D:5      | 2737 ||| STAIRDANCE
  2745 | D:4      | Reached skill level 10 in Ranged Weapons
  2784 | D:5      | HP: 7/35 [killer bee (4)]
  2785 | D:5      | 2785 ||| DRINKING potion of heal wounds.
  2787 | D:5      | Reached skill level 1 in Armour
  2789 | D:5      | HP: 7/35 [poisoned by a killer bee]
  2790 | D:5      | Reached XP level 7. HP: 8/40 MP: 9/9
  2791 | D:5      | Slain by a killer bee

Levels and vault maps discovered:
D:1:      minmay_arrival_hallway, layout_basic, roderic_serpentine_path,
          minmay_heptomino_o4
D:2:      layout_loops_cross, serial_shops, nicolae_shop_back_alley_shop,
          st_stairs_7, minmay_quadrilaterals
D:3:      layout_loops_corners, nicolae_hepliaklqana_monster_ancestors,
          jmf_multi_god_temple2
D:4:      layout_cave_pools, minmay_misc_feat_diagonals
D:5:      corexii_shantytown, layout_cave_pools, lemuel_round_altar,
          mainiacjoe_overflow_six_doors_small, nicolae_tso_carved_into_rock,
          minmay_temple_entry_enclosed_plants,
          serial_library_regret_index_small_wings

Skill      XL: |  1  2  3  4  5  6 |
---------------+-------------------+-----
Ranged Weapons | 6 7 8 9 10 | 10.4
Dodging        | 3 |  3.2
Fighting       | 2 |  2.0
Armour         | 1 |  1.1
Stealth        | |  1.2

Action                     |  1- 3 |  4- 6 |  7- 9 || total
---------------------------+-------+-------+-------++-------
   Fire: Shortbow          |    80 |   119 |     2 ||   201
    Use: Scroll            |     5 |     6 |       ||    11
         Potion            |     1 |     3 |       ||     4
 Armour: Leather armour    |    15 |    45 |     2 ||    62
  Dodge: Dodged            |     9 |    39 |     1 ||    49

Table legend:
 A = Non-vault XP
 B = Vault XP
 C = Vault XP percentage of total XP
 D = Non-vault monster count
 E = Vault monster count
 F = Vault count percentage of total count
                 A         B        C        D         E       F
            +---------+---------+-------+---------+---------+-------
      Total |     736 |      23 |   3.0 |      75 |      14 |  15.7
            +---------+---------+-------+---------+---------+-------
        D:1 |      37 |       5 |  11.9 |      21 |       3 |  12.5
        D:2 |     191 |      12 |   5.9 |      19 |       7 |  26.9
        D:3 |     263 |       6 |   2.2 |      27 |       4 |  12.9
        D:4 |     113 |       0 |   0.0 |       6 |       0 |   0.0
        D:5 |     132 |       0 |   0.0 |       2 |       0 |   0.0
            +---------+---------+-------+---------+---------+-------
